TL
MEMPHIS BLUES @ EL PASO CHIHUAHUAS
04/29/1981
 
TOP OF THE 1ST
Memphis Blues batting - Pitching for El Paso Chihuahuas : RHP Alejandro Pena
Pitching: RHP Alejandro Pena
Batting: LHB John Robbins 0-0: Called Strike
0-1: Bunt missed!
0-2: Ball
1-2: Reached on error, E4 (Groundball, 4, EV 86.9 MPH)
Batting: RHB Jim Pankovits 0-0: Called Strike
0-1: Ball
1-1: Ball
2-1: DOUBLE (Line Drive, 9LD, EV 102.5 MPH)
John Robbins to third
Batting: RHB Randy Filkins 0-0: Ball
1-0: Foul Ball, location: 2F
1-1: Ball
2-1: Ball
3-1: Base on Balls
Batting: LHB Doug Frobel 0-0: Ball
1-0: Ball
2-0: Fly out, F6 (Popup, P, EV 73.8 MPH)
Batting: LHB Don Jacoby 0-0: Called Strike
0-1: Ball
1-1: Called Strike
1-2: Ball
2-2: Foul Ball, location: 2F
2-2: Ball
3-2: Foul Ball, location: 2F
3-2: Strikes out swinging
Batting: SHB Darrell Brown 0-0: Swinging Strike
0-1: Foul Ball, location: 2F
0-2: SINGLE (Groundball, 6MD, EV 82.5 MPH) (infield hit)
John Robbins scores
Jim Pankovits to third
Randy Filkins to second
Batting: RHB Steve Liddle 0-0: Ball
1-0: Foul Ball, location: 2F
1-1: Ball
2-1: Ball
3-1: Base on Balls
Jim Pankovits scores
Randy Filkins to third
Darrell Brown to second
Batting: RHB J.B. Brown 0-0: Ball
Wild Pitch!
Randy Filkins scores
Darrell Brown to third
Steve Liddle to second
1-0: Ball
2-0: Fly out, F4 (Line Drive, 4, EV 70.0 MPH)
Top of the 1st over - 3 runs, 2 hits, 1 error, 2 left on base; Memphis 3 - El Paso 0
BOTTOM OF THE 1ST
El Paso Chihuahuas batting - Pitching for Memphis Blues : RHP Gary Sarno
Pitching: RHP Gary Sarno
Batting: LHB Mike Cole 0-0: Called Strike
0-1: Swinging Strike
0-2: Foul Ball, location: 2F
0-2: Ground out 4-3 (Groundball, 4, EV 84.4 MPH)
Batting: LHB Andy Van Slyke 0-0: Foul Ball, location: 2F
0-1: Foul Ball, location: 2F
0-2: Ball
1-2: Ball
2-2: Fly out, F5 (Flyball, 56D, EV 87.5 MPH)
Batting: RHB Jesse Vann 0-0: Ball
1-0: Ball
2-0: Ball
3-0: Called Strike
3-1: Swinging Strike
3-2: Ground out 6-3 (Groundball, 6, EV 82.5 MPH)
Bottom of the 1st over - 0 runs, 0 hits, 0 errors, 0 left on base; Memphis 3 - El Paso 0
TOP OF THE 2ND
Memphis Blues batting - Pitching for El Paso Chihuahuas : RHP Alejandro Pena
Batting: RHB William Muth 0-0: Ball
1-0: Ball
2-0: Ball
3-0: Called Strike
3-1: Base on Balls
Batting: LHB John Robbins 0-0: Ball
1-0: Grounds into double play, 4-6-3 (Groundball, 4S, EV 89.4 MPH)
Batting: RHB Jim Pankovits 0-0: Foul Ball, location: 2F
0-1: Ball
1-1: Foul Ball, location: 2F
1-2: Foul Ball, location: 2F
1-2: Strikes out swinging
Top of the 2nd over - 0 runs, 0 hits, 0 errors, 0 left on base; Memphis 3 - El Paso 0
BOTTOM OF THE 2ND
El Paso Chihuahuas batting - Pitching for Memphis Blues : RHP Gary Sarno
Batting: RHB Dick C Schofield 0-0: Ground out 5-3 (Groundball, 5, EV 86.3 MPH)
Batting: RHB Steven Murray 0-0: Ball
1-0: Ball
2-0: Ball
3-0: Called Strike
3-1: Base on Balls
Batting: LHB Mark Salas 0-0: Fielders Choice at 2nd, 4-6 (Groundball, 4M, EV 102.5 MPH)
Batting: LHB Dan Murphy 0-0: Ball
Mark Salas steals 2nd base
1-0: Ball
2-0: Foul Ball, location: 2F
2-1: Foul Ball, location: 2F
2-2: Ground out 5-3 (Groundball, 56, EV 86.3 MPH)
Bottom of the 2nd over - 0 runs, 0 hits, 0 errors, 1 left on base; Memphis 3 - El Paso 0
TOP OF THE 3RD
Memphis Blues batting - Pitching for El Paso Chihuahuas : RHP Alejandro Pena
Batting: RHB Randy Filkins 0-0: Ball
1-0: Ball
2-0: Ball
3-0: Base on Balls
Batting: LHB Doug Frobel 0-0: Called Strike
0-1: Foul Ball, location: 2F
0-2: Strikes out looking
Batting: LHB Don Jacoby 0-0: Ball
Randy Filkins steals 2nd base
1-0: Ball
2-0: Swinging Strike
2-1: Ball
3-1: Base on Balls
Batting: SHB Darrell Brown 0-0: Swinging Strike
0-1: Ball
1-1: Foul Ball, location: 2F
1-2: Fielders Choice at 2nd, 6-4 (Groundball, 6, EV 91.9 MPH)
Randy Filkins to third
Batting: RHB Steve Liddle 0-0: Ball
1-0: Called Strike
1-1: Foul Ball, location: 2F
1-2: Foul Ball, location: 2F
1-2: Ball
2-2: Strikes out swinging
Top of the 3rd over - 0 runs, 0 hits, 0 errors, 2 left on base; Memphis 3 - El Paso 0
BOTTOM OF THE 3RD
El Paso Chihuahuas batting - Pitching for Memphis Blues : RHP Gary Sarno
Batting: RHB Darrell Miller 0-0: Ground out 4-3 (Groundball, 4, EV 88.8 MPH)
Batting: RHB Cliff Wherry 0-0: Ball
1-0: Fly out, F8 (Line Drive, 8RM, EV 90.0 MPH)
Batting: LHB Mike Cole 0-0: Called Strike
0-1: Fly out, F8 (Line Drive, 8RM, EV 92.5 MPH)
Bottom of the 3rd over - 0 runs, 0 hits, 0 errors, 0 left on base; Memphis 3 - El Paso 0
TOP OF THE 4TH
Memphis Blues batting - Pitching for El Paso Chihuahuas : RHP Alejandro Pena
Batting: RHB J.B. Brown 0-0: Ball
1-0: Ground out 3-1 (Groundball, 34S, EV 78.8 MPH)
Batting: RHB William Muth 0-0: Ball
1-0: Called Strike
1-1: Swinging Strike
1-2: DOUBLE (Flyball, 89D, EV 100.0 MPH)
Batting: LHB John Robbins 0-0: Ball
1-0: Ball
2-0: Ball
3-0: Called Strike
3-1: Base on Balls
Batting: RHB Jim Pankovits 0-0: Ball
1-0: Ball
2-0: Ball
3-0: Base on Balls
William Muth to third
John Robbins to second
Batting: RHB Randy Filkins 0-0: Called Strike
0-1: Swinging Strike
0-2: SINGLE (Line Drive, 78S, EV 106.9 MPH)
William Muth scores
John Robbins to third
Jim Pankovits to second
Runner from 3rd tries for Home, SAFE, throw by LF to home
Batting: LHB Doug Frobel 0-0: Called Strike
0-1: Swinging Strike
0-2: Ball
1-2: Ball
2-2: Ball
3-2: SINGLE (Line Drive, 4D, EV 97.5 MPH)
Jim Pankovits to third
Randy Filkins to second
Runner from 3rd tries for Home, SAFE, no throw by CF
Batting: LHB Don Jacoby 0-0: Foul Ball, location: 2F
0-1: DOUBLE (Flyball, 8LXD, EV 111.3 MPH)
Randy Filkins scores
Doug Frobel to third
Batting: SHB Darrell Brown 0-0: Ball
1-0: DOUBLE (Line Drive, 5D, EV 96.3 MPH)
Doug Frobel scores
Don Jacoby scores
Pitching: LHP Gary Grunsky
Batting: RHB Steve Liddle 0-0: Ball
1-0: Called Strike
1-1: Reached on error, E6 (Groundball, 6, EV 87.5 MPH)
Darrell Brown to third
Batting: RHB J.B. Brown 0-0: Fly out, F8 (Line Drive, 8LM, EV 101.3 MPH)
Runner from 3rd tags up, SCORES, no throw by CF
Batting: RHB William Muth 0-0: Ball
1-0: Ball
2-0: Called Strike
2-1: Ground out U3 (Groundball, 34, EV 103.1 MPH)
Top of the 4th over - 7 runs, 5 hits, 1 error, 1 left on base; Memphis 10 - El Paso 0
BOTTOM OF THE 4TH
El Paso Chihuahuas batting - Pitching for Memphis Blues : RHP Gary Sarno
Batting: LHB Andy Van Slyke 0-0: Called Strike
0-1: Ball
1-1: Swinging Strike
1-2: SOLO HOME RUN (Flyball, 9LD, EV 88.8 MPH), Distance : 371 ft
Batting: RHB Jesse Vann 0-0: Called Strike
0-1: Ball
1-1: Foul Ball, location: 2F
1-2: Ball
2-2: Ball
3-2: Fly out, F8 (Flyball, 89D, EV 105.6 MPH)
Batting: RHB Dick C Schofield 0-0: Called Strike
0-1: Foul Ball, location: 2F
0-2: Ball
1-2: Foul Ball, location: 2F
1-2: Foul Ball, location: 2F
1-2: Strikes out swinging
Batting: RHB Steven Murray 0-0: Called Strike
0-1: Called Strike
0-2: Foul Ball, location: 2F
0-2: Fly out, F6 (Flyball, 6MD, EV 86.9 MPH)
Bottom of the 4th over - 1 run, 1 hit, 0 errors, 0 left on base; Memphis 10 - El Paso 1
TOP OF THE 5TH
Memphis Blues batting - Pitching for El Paso Chihuahuas : LHP Gary Grunsky
Batting: LHB John Robbins 0-0: Ball
1-0: Foul Ball, location: 2F
1-1: Foul Ball, location: 2F
1-2: Strikes out swinging
Batting: RHB Jim Pankovits 0-0: Ground out 3-1 (Groundball, 34S, EV 80.6 MPH)
Batting: RHB Randy Filkins 0-0: Called Strike
0-1: Foul Ball, location: 2F
0-2: Strikes out swinging
Top of the 5th over - 0 runs, 0 hits, 0 errors, 0 left on base; Memphis 10 - El Paso 1
BOTTOM OF THE 5TH
El Paso Chihuahuas batting - Pitching for Memphis Blues : RHP Gary Sarno
Batting: LHB Mark Salas 0-0: Foul Ball, location: 2F
0-1: Ball
1-1: Called Strike
1-2: Foul Ball, location: 2F
1-2: Ball
2-2: SINGLE (Groundball, 4D, EV 97.5 MPH)
Batting: LHB Dan Murphy 0-0: Ball
1-0: Foul Ball, location: 2F
1-1: Fly out, F9 (Flyball, 9LS, EV 81.3 MPH)
Batting: RHB Darrell Miller 0-0: Ball
1-0: Foul Ball, location: 2F
1-1: Swinging Strike
1-2: Foul Ball, location: 2F
1-2: Grounds into double play, 1-4-3 (Groundball, 15, EV 84.4 MPH)
Bottom of the 5th over - 0 runs, 1 hit, 0 errors, 0 left on base; Memphis 10 - El Paso 1
TOP OF THE 6TH
Memphis Blues batting - Pitching for El Paso Chihuahuas : LHP Gary Grunsky
Batting: LHB Doug Frobel 0-0: Ball
1-0: Fly out, F6 (Popup, 6, EV 68.8 MPH)
Batting: LHB Don Jacoby 0-0: Ball
1-0: Called Strike
1-1: Foul Ball, location: 2F
1-2: Ball
2-2: SOLO HOME RUN (Flyball, 8RXD, EV 104.4 MPH), Distance : 444 ft
Batting: SHB Darrell Brown 0-0: Ball
1-0: Ground out 4-3 (Groundball, 4, EV 103.1 MPH)
Pitching: RHP Raymond Prince
Batting: RHB Steve Liddle 0-0: Ball
1-0: Foul Ball, location: 2F
1-1: Swinging Strike
1-2: Strikes out swinging
Top of the 6th over - 1 run, 1 hit, 0 errors, 0 left on base; Memphis 11 - El Paso 1
BOTTOM OF THE 6TH
El Paso Chihuahuas batting - Pitching for Memphis Blues : RHP Gary Sarno
Batting: RHB Cliff Wherry 0-0: Foul Ball, location: 2F
0-1: Foul Ball, location: 2F
0-2: Ball
1-2: Ground out 5-3 (Groundball, 56, EV 110.0 MPH)
Batting: LHB Mike Cole 0-0: Called Strike
0-1: Ball
1-1: Foul Ball, location: 2F
1-2: SINGLE (Groundball, 5, EV 104.4 MPH)
Batting: LHB Andy Van Slyke 0-0: DOUBLE (Flyball, 78XD, EV 116.9 MPH)
Mike Cole to third
Runner from 3rd tries for Home, SAFE, throw by CF to home
Batting: RHB Jesse Vann 0-0: Called Strike
0-1: Foul Ball, location: 2F
0-2: SINGLE (Line Drive, 8LS, EV 98.8 MPH)
Andy Van Slyke to third
Batting: RHB Dick C Schofield 0-0: Called Strike
0-1: SINGLE (Line Drive, 9S, EV 105.6 MPH)
Andy Van Slyke scores
Jesse Vann to second
Batting: RHB Steven Murray 0-0: Called Strike
0-1: Ball
1-1: Fly out, F6 (Popup, 15S, EV 85.0 MPH)
Batting: LHB Mark Salas 0-0: Ball
1-0: Ball
2-0: Swinging Strike
2-1: Ball
3-1: Ground out 4-3 (Groundball, 4, EV 101.9 MPH)
Bottom of the 6th over - 2 runs, 4 hits, 0 errors, 2 left on base; Memphis 11 - El Paso 3
TOP OF THE 7TH
Memphis Blues batting - Pitching for El Paso Chihuahuas : RHP Raymond Prince
Batting: RHB J.B. Brown 0-0: Ball
1-0: TRIPLE (Line Drive, 78XD, EV 105.0 MPH)
Batting: RHB William Muth 0-0: Called Strike
0-1: Swinging Strike
0-2: Foul Ball, location: 2F
0-2: Ball
1-2: Fly out, F8 (Flyball, 8LD, EV 98.8 MPH)
Runner from 3rd tags up, SCORES, no throw by CF
Pinch Hitting: LHB Bob Tumpane 0-0: Called Strike
0-1: SOLO HOME RUN (Flyball, 8LXD, EV 103.1 MPH), Distance : 458 ft
Pinch Hitting: RHB Jeff Reynolds 0-0: Foul Ball, location: 2F
0-1: Called Strike
0-2: Ball
1-2: Strikes out looking
Batting: RHB Randy Filkins 0-0: Fly out, F9 (Flyball, 9, EV 76.9 MPH)
Top of the 7th over - 2 runs, 2 hits, 0 errors, 0 left on base; Memphis 13 - El Paso 3
BOTTOM OF THE 7TH
El Paso Chihuahuas batting - Pitching for Memphis Blues : RHP Gary Sarno
Now at 2B: Jeff Reynolds
Now in LF: Bob Tumpane
Pinch Hitting: RHB Brendan Rosenberg 0-0: Ball
1-0: Ball
2-0: Foul Ball, location: 2F
2-1: Ground out 4-3 (Groundball, 4D, EV 110.0 MPH)
Batting: RHB Darrell Miller 0-0: Called Strike
0-1: Called Strike
0-2: Ground out 5-3 (Groundball, 5, EV 105.0 MPH)
Pinch Hitting: RHB James Fabiano 0-0: Ground out 6-3 (Groundball, 6, EV 108.8 MPH)
Bottom of the 7th over - 0 runs, 0 hits, 0 errors, 0 left on base; Memphis 13 - El Paso 3
TOP OF THE 8TH
Memphis Blues batting - Pitching for El Paso Chihuahuas : RHP Raymond Prince
Now at 3B: James Fabiano
Now in CF: Brendan Rosenberg
Batting: LHB Doug Frobel 0-0: Ball
1-0: DOUBLE (Line Drive, 89D, EV 100.0 MPH)
Batting: LHB Don Jacoby 0-0: Ball
1-0: Ball
2-0: Called Strike
2-1: SINGLE (Groundball, 34D, EV 104.4 MPH)
Doug Frobel to third
Runner from 3rd tries for Home, SAFE, throw by RF to home
Pitching: RHP Jerry Littmann
Batting: SHB Darrell Brown 0-0: Ball
1-0: Fly out, F8 (Flyball, 8RD, EV 97.5 MPH)
Batting: RHB Steve Liddle 0-0: Ball
1-0: Ball
2-0: Foul Ball, location: 2F
2-1: Fly out, F9 (Flyball, 9S, EV 91.3 MPH)
Batting: RHB J.B. Brown 0-0: Ground out 1-3 (Groundball, P, EV 70.6 MPH)
Top of the 8th over - 1 run, 2 hits, 0 errors, 1 left on base; Memphis 14 - El Paso 3
BOTTOM OF THE 8TH
El Paso Chihuahuas batting - Pitching for Memphis Blues : RHP Gary Sarno
Pinch Hitting: LHB Rick DeLoach 0-0: Fly out, F7 (Flyball, 78D, EV 97.5 MPH)
Batting: LHB Andy Van Slyke 0-0: Ball
1-0: Called Strike
1-1: Ball
2-1: Ball
3-1: Called Strike
3-2: Fly out, F8 (Line Drive, 8RD, EV 108.8 MPH)
Pinch Hitting: LHB Bob Mariano 0-0: SINGLE (Groundball, 34D, EV 98.1 MPH)
Pinch Hitting: RHB Scot Pyle 0-0: Fielders Choice at 2nd, 5-4 (Groundball, 56, EV 85.0 MPH)
Bottom of the 8th over - 0 runs, 1 hit, 0 errors, 1 left on base; Memphis 14 - El Paso 3
TOP OF THE 9TH
Memphis Blues batting - Pitching for El Paso Chihuahuas : RHP Jerry Littmann
Now at 1B: Bob Mariano
Now at 3B: Scot Pyle
Now at SS: Lloyd Turner
Batting: RHB William Muth 0-0: Ball
1-0: Ball
2-0: Called Strike
2-1: Called Strike
2-2: Foul Ball, location: 2F
2-2: Strikes out looking
Batting: LHB Bob Tumpane 0-0: Ball
1-0: Foul Ball, location: 2F
1-1: Swinging Strike
1-2: Fly out, F8 (Flyball, 8RM, EV 95.0 MPH)
Batting: RHB Jeff Reynolds 0-0: Ball
1-0: Foul Ball, location: 2F
1-1: Ball
2-1: Foul Ball, location: 2F
2-2: Fly out, F4 (Popup, 23, EV 91.9 MPH)
Top of the 9th over - 0 runs, 0 hits, 0 errors, 0 left on base; Memphis 14 - El Paso 3
BOTTOM OF THE 9TH
El Paso Chihuahuas batting - Pitching for Memphis Blues : RHP Gary Sarno
Pinch Hitting: RHB Manny Guerrero 0-0: Ball
1-0: Swinging Strike
1-1: Fly out, F7 (Line Drive, 7, EV 104.4 MPH)
Pinch Hitting: RHB Mark Funderburk 0-0: Called Strike
0-1: Called Strike
0-2: Strikes out swinging
Batting: RHB Brendan Rosenberg 0-0: Swinging Strike
0-1: Foul Ball, location: 2F
0-2: Fly out, F8 (Flyball, 8RXD, EV 109.4 MPH)
Bottom of the 9th over - 0 runs, 0 hits, 0 errors, 0 left on base; Memphis 14 - El Paso 3
Sunday, June 21st, 2020 - OOTP Baseball 21.4 Build 63